 Dungeon Crawl Stone Soup version 0.30-a0-122-g2a1322497e (webtiles) character file.

Game seed: 15844082676038363936

7 NinjaNoafa the Trooper (level 1, -3/18 HPs)
             Began as a Demonspawn Monk on Sept 15, 2022.
             Slain by a kobold
             ... wielding a +0 whip
              (5 damage)
             ... on level 1 of the Dungeon.
             The game lasted 00:01:18 (269 turns).

NinjaNoafa the Trooper (Demonspawn Monk)             Turns: 269, Time: 00:01:19

Health: -3/18      AC:  2    Str: 11    XL:     1   Next: 91%
Magic:  1/1        EV: 13    Int: 11    God:
Gold:   7          SH:  0    Dex: 15    Spells: 0/0 levels left

rFire   . . .      SeeInvis .    a - +0 falchion
rCold   . . .      Faith    .    (no shield)
rNeg    . . .      Spirit   .    b - +0 robe
rPois   .          Reflect  .    (no helmet)
rElec   .          Harm     .    (no cloak)
rCorr   .          Rampage  .    (no gloves)
Will    .....                    (no boots)
Stlth   ++........               (no amulet)
HPRegen 0.06/turn                (no ring)
MPRegen 0.07/turn                (no ring)

@: no status effects
A: no striking features
a: no special abilities


You were on level 1 of the Dungeon.
You visited 1 branch of the dungeon, and saw 1 of its levels.

You collected 7 gold pieces.

Inventory:

Hand Weapons
 a - a +0 falchion (weapon)
Missiles
 d - 4 stones (quivered)
 f - 4 boomerangs
Armour
 b - a +0 robe (worn)
Scrolls
 e - a scroll of fog {unknown}


   Skills:
 + Level 3.1 Fighting
 + Level 2.8 Long Blades
 + Level 2.8 Dodging
 + Level 2.0 Stealth


You couldn't memorise any spells.
You didn't know any spells.
Your spell library was empty.

Dungeon Overview and Level Annotations

Branches:
Dungeon (1/15)

Altars:


Message History

You kill the dart slug!
A rat comes into view.
A bat and an endoplasm come into view.
Found a scratched peridot ring.
The teleport trap disappears.
The bat disappears!
The bat moves out of view.
Found a purple potion.
A kobold comes into view. It is wielding a +0 whip.
Found 13 gold pieces.
A kobold comes into view. It is wielding a +0 dagger.
The helpless endoplasm fails to defend itself.
You hit the endoplasm.
You kill the endoplasm!
The kobold shouts!
The rat barely misses you.
Your Stealth skill increases to level 2!
You slash the rat!
You kill the rat!
A kobold comes into view. It is wielding a +0 dagger.
Found 8 gold pieces.
The kobold shouts!
You hit the bat.
The bat is moderately wounded.
The bat misses you.
The kobold throws a stone.
The stone hits you but does no damage. The kobold hits you with a +0 whip.
Found a book of Necromancy.
The bat closely misses you. The bat hits you but does no damage.
The kobold barely misses you.
An endoplasm comes into view.
You closely miss the kobold. The bat barely misses you.
The kobold hits you with a +0 dagger. The kobold misses you.
You barely miss the kobold. The bat misses you.
The kobold hits you with a +0 dagger. The kobold hits you with a +0 whip.
* * * LOW HITPOINT WARNING * * *
A rat comes into view.
The bat hits you but does no damage.
Unknown command.
The kobold attacks as you move away! The kobold hits you with a +0 dagger.
* * * LOW HITPOINT WARNING * * *
The bat hits you but does no damage. x2
The kobold attacks as you move away! The kobold hits you with a +0 whip.
You die...

..#.# #.#.. .... .##
#.#.##...## .#
#.......... .#
#..#......# .#
#..#$.....# .#
########..#......# .#
..........?K.=...: .##
#.....KbK..!..r
..#########.##..@#...#..#
#................#.$.#
..#########.####.#...#
............# #.......
############# ####.....
######


You could see a bat and 3 kobolds.

Vanquished Creatures
  A dart slug (D:1)
  An endoplasm (D:1)
  3 ball pythons (D:1)
  A rat (D:1)
6 creatures vanquished.

Notes
Turn   | Place    | Note
-------+----------+-------------------------------------------
     0 | D:1      | NinjaNoafa the Demonspawn Monk began the quest for the Orb.
     0 | D:1      | Reached XP level 1. HP: 18/18 MP: 1/1
   269 | D:1      | Slain by a kobold

Illustrated notes

Levels and vault maps discovered:
D:1:      dpeg_arrival_simpleton_a, layout_loops_ring,
          hellmonk_ecumenical_altar_lost_god, serial_shops, shop

Skill      XL: |  1 |
---------------+----+-----
Stealth        | 2 |  2.0
Fighting       | |  3.1
Long Blades    | |  2.8
Dodging        | |  2.8

Action                   || total
-------------------------++-------
Melee: Falchion          ||    29
  Use: Potion            ||     1
 Stab: Sleeping          ||     1
Armor: Robe              ||    19
Dodge: Dodged            ||    35

Table legend: (Time is in decaauts)
 A = Elapsed time spent in this place.
 B = Non-inter-level travel time spent in this place.
 C = Inter-level travel time spent in this place.
 D = Time resting spent in this place.
 E = Time spent auto-exploring this place.
 F = Levels seen in this place.
 G = Mean time per level.
                   A        B        C        D        E       F      G
               +--------+--------+--------+--------+--------+-----+--------+
         Total |    273 |    273 |      0 |      0 |    208 |   1 |  273.0 |
       Dungeon |    273 |    273 |      0 |      0 |    208 |   1 |  273.0 |
               +--------+--------+--------+--------+--------+-----+--------+

Top non-repeatable levels by time:
     D:1: 273 daAuts
